 Dungeon Crawl Stone Soup version 0.21.1 (webtiles) character file.

47 troglodite the Skirmisher (level 3, -11/45 HPs)
             Began as a Demonspawn Berserker on Feb 1, 2018.
             Was a Believer of Trog.
             Mangled by an ogre
             ... wielding a +0 giant club
              (17 damage)
             ... on level 2 of the Dungeon on Feb 2, 2018.
             The game lasted 00:04:32 (1398 turns).

troglodite the Skirmisher (Demonspawn Berserker)    Turns: 1398, Time: 00:04:33

Health: -11/45     AC:  9    Str: 22    XL:     3   Next: 48%
Magic:  3/3        EV:  8    Int:  8    God:    Trog [**....]
Gold:   96         SH:  0    Dex: 13    Spells: 2/2 levels left

rFire    x . .     SeeInvis .   a - +0 falchion
rCold    + . .     Gourm    .   (no shield)
rNeg     . . .     Faith    .   m - +0 chain mail
rPois    .         Spirit   .   (no helmet)
rElec    .         Reflect  .   (no cloak)
rCorr    .         Harm     .   h - +0 pair of gloves
MR       .....                  (no boots)
Stlth    ..........             (no amulet)
HPRegen  0.15/turn              i - ring of ice
MPRegen  0.08/turn              (no ring)

@: berserking, very quick
A: rot immunity
a: Berserk, Trog's Hand, Burn Spellbooks, Renounce Religion


You were on level 2 of the Dungeon.
You worshipped Trog.
Trog was pleased with you.
You were hungry.

You visited 1 branch of the dungeon, and saw 2 of its levels.

You collected 96 gold pieces.

Inventory:

Hand Weapons
 a - a +0 falchion (weapon)
Armour
 h - a +0 pair of gloves (worn)
 m - a +0 chain mail (worn)
Jewellery
 i - a ring of ice (left hand)
Scrolls
 e - a scroll of remove curse {unknown}
 n - a scroll of identify {unknown}
 o - a scroll of teleportation {unknown}
Potions
 b - 2 potions of lignification {unknown}
 d - a potion of heal wounds {unknown}
 f - a potion of curing {unknown}
 g - a potion of brilliance {unknown}
 j - a potion of degeneration {unknown}
 k - a potion of cancellation {unknown}
Comestibles
 c - 4 rations
 l - 4 chunks of flesh


   Skills:
 * Level 3.7 Fighting
 + Level 3.0 Long Blades
 * Level 2.3 Armour
 * Level 2.1 Dodging


You had 2 spell levels left.
You didn't know any spells.

Dungeon Overview and Level Annotations

Branches:
Dungeon (2/15)

Altars:
Gozag


Innate Abilities, Weirdness & Mutations

You are immune to rotting.


Message History

You struggle against the net.
You rip the net and break free!
You slash the kobold!
You kill the kobold!
Trog accepts your kill.
You now have 96 gold pieces (gained 14).
You see here a robe.
An ogre comes into view. It is wielding a giant club.
A kobold comes into view.
A red film seems to cover your vision as you go berserk!
You feel yourself moving faster!
You feel mighty!
You are feeling hungry.
The ogre hits you with a giant club!!
You barely miss the ogre. The ogre hits you with a giant club!!
* * * LOW HITPOINT WARNING * * *
You barely miss the ogre. You hit the ogre.
The ogre is lightly wounded.
The ogre hits you with a giant club!
You die...

# # # # # #. .# # ##'#
###. # ##...# #.. #
##.....## #.### #
#.......####.#.### #
.......O@..[.....########
.......K.................
.........###.....########
#........# #.#.#.# #
##.....#.# #.....# #
##...##.. ####..# # ##'#
#.. ##..# # #. ###. #...#
# ##.## #


You could see an ogre and a kobold.

Vanquished Creatures
  An adder (D:2)
  A worm (D:2)
  A dart slug (D:2)
  A leopard gecko (D:1)
  3 giant cockroaches
  6 kobolds
  2 bats (D:1)
  2 frilled lizards (D:1)
  10 goblins
  4 rats
31 creatures vanquished.

Notes
Turn   | Place    | Note
-------+----------+-------------------------------------------
     0 | D:1      | troglodite the Demonspawn Berserker began the quest for the Orb.
     0 | D:1      | Reached XP level 1. HP: 18/18 MP: 1/1
   128 | D:1      | Gained mutation: You are immune to rotting. [demonic ancestry]
   128 | D:1      | Reached XP level 2. HP: 18/24 MP: 2/2
  1012 | D:1      | Upgraded the game from 0.21.0-37-g46506fa to 0.21.1
  1046 | D:2      | Reached XP level 3. HP: 29/29 MP: 3/3
  1124 | D:2      | Found an opulent altar of Gozag.
  1133 | D:2      | Reached ** piety under Trog
  1390 | D:2      | Noticed an ogre
  1398 | D:2      | Mangled by an ogre

Skill      XL: |  1  2  3 |
---------------+----------+-----
Armour         | 2 |  2.3
Dodging        | 2 |  2.1
Long Blades    | 3 |  3.0
Fighting       | |  3.7

Action                   || total
-------------------------++-------
Melee: Falchion          ||   104
Invok: Berserk           ||     2
  Eat: Chunk             ||     3
Armor: Animal skin       ||     7
       Chain mail        ||    33
       Ring mail         ||     2
Dodge: Dodged            ||    81
       Rpst.: Falchion   ||    26
